 Dungeon Crawl Stone Soup version 0.29-a0-901-g46a8461d6a (webtiles) character file.

Game seed: 14470440748791726759

57 Aviak the Grave Robber (level 4, -7/37 HPs)
             Began as a Meteoran Necromancer on July 23, 2022.
             Blown up by Ijyb (20 damage)
             ... with a mindburst bolt
             ... on level 3 of the Dungeon.
             The game lasted 00:04:38 (969 turns).

Aviak the Grave Robber (Meteoran Necromancer)        Turns: 969, Time: 00:04:38

Health: -7/37      AC:  3    Str: 11    XL:     4   Next: 41%
Magic:  0/9        EV: 12    Int: 16    God:
Gold:   62         SH:  0    Dex: 15    Spells: 1/9 levels left

rFire   . . .      SeeInvis .   h - +0 dagger (flame)
rCold   . . .      Faith    .   (no shield)
rNeg    + . .      Spirit   .   a - +0 robe
rPois   .          Reflect  .   (no helmet)
rElec   .          Harm     .   f - +0 cloak
rCorr   .          Rampage  .   (no gloves)
Will    .....                   (no boots)
Stlth   +.........              (no amulet)
HPRegen 0.12/turn               g - ring of positive energy
MPRegen 0.11/turn               (no ring)

@: glowing
A: sense surroundings 1, otherworldly, glowing, explore regen
a: no special abilities


You were on level 3 of the Dungeon.
You visited 1 branch of the dungeon, and saw 3 of its levels.

You collected 62 gold pieces.

Inventory:

Hand Weapons
 h - a +0 dagger of flaming (weapon)
Armour
 a - a +0 robe (worn)
 f - a +0 cloak (worn)
Jewellery
 g - a ring of positive energy (left hand)
Scrolls
 i - a scroll of fear {unknown}
 j - a scroll of identify {unknown}
Potions
 b - a potion of magic
 c - a potion of mutation {unknown}
 d - 2 potions of curing
 e - 2 potions of heal wounds {unknown}


   Skills:
 + Level 2.4 Fighting
 - Level 2.4 Dodging
 - Level 1.4 Stealth
 - Level 3.0 Spellcasting
 + Level 5.2 Necromancy


You had one spell level left.
You knew the following spells:

 Your Spells              Type           Power      Damage    Failure   Level
a - Necrotise             Necr           76%        1d7       2%          1
b - Animate Dead          Necr           19%        N/A       22%         4
c - Vampiric Draining     Necr           19%        2d7       7%          3

Your spell library contained the following spells:

 Spells                   Type           Power      Damage    Failure   Level
 Gell's Gravitas          Tloc           2%         N/A       50%         3
 Lesser Beckoning         Tloc           2%         N/A       50%         3
 Teleport Other           Tloc           2%         N/A       50%         3
 Agony                    Necr           19%        N/A       52%         5


Dungeon Overview and Level Annotations

Branches:
Dungeon (3/15) Zot: 831

Altars:

Annotations:
D:3 Ijyb


Innate Abilities, Weirdness & Mutations

You passively map a small area around you.
You are easily found by Zot.
You glow in the dark.
You regain HP and MP as you explore.


Message History

You hit the goblin but do no damage.
The goblin is severely wounded.
Your jackal skeleton barely misses the goblin.
Something barely misses your jackal skeleton.
The goblin closely misses you.
You hit the goblin. You burn the goblin.
You kill the goblin!
Ijyb hits your jackal skeleton with a +0 club.
You see here a +0 dagger.
Your jackal skeleton bites Ijyb but does no damage.
There is a large open door here.
Casting: Vampiric Draining (dangerous; 7% risk of failure)
Confirm with . or Enter, or press ? or * to list all spells.
Aiming: Necrotise (safe; 2% risk of failure)
Press: ? - help, Shift-Dir - straight line, f - Ijyb
Aim: Ijyb, wielding a +0 club, wearing a +0 leather armour and carrying a wand of mindburst (8) (lightly wounded, ally target, chance to affect: 84%) Ijyb barely resists.
Your jackal skeleton bites Ijyb.
Ijyb hits you with a +0 club.
It was a potion of curing.
You feel better.
Your jackal skeleton barely misses Ijyb.
Ijyb barely misses you.
Casting: Necrotise (safe; 2% risk of failure)
Confirm with . or Enter, or press ? or * to list all spells.
Aiming: Necrotise (safe; 2% risk of failure)
Press: ? - help, Shift-Dir - straight line, f/p - Ijyb
Aim: Ijyb, wielding a +0 club, wearing a +0 leather armour and carrying a wand of mindburst (8) (moderately wounded, ally target, chance to affect: 84%) Ijyb writhes in agony.
Your jackal skeleton bites Ijyb but does no damage.
Your jackal skeleton barely misses Ijyb.
Ijyb barely misses you.
Casting: Necrotise (safe; 2% risk of failure)
Confirm with . or Enter, or press ? or * to list all spells.
You don't have enough magic to cast this spell.
Your jackal skeleton bites Ijyb.
Ijyb hits you with a +0 club.
You hit Ijyb but do no damage.
Ijyb is moderately wounded.
Your jackal skeleton barely misses Ijyb.
Ijyb zaps a wand.
Your mind is blasted!
Ouch! That really hurt!
You die...

#.....# ,
#.....# ,
##+##.....##+*
#............
#............
,, *
#...#########
#...#....... *
#..))Z......
#...@g......*
, ############
*


You could see Ijyb (ally target) and a friendly jackal skeleton.

Vanquished Creatures
  A gnoll (D:3)
  An adder (D:3)
  2 worms (D:2)
  A dart slug (D:3)
  3 endoplasms
  A giant cockroach (D:2)
  5 goblins (D:3)
  2 jackals (D:3)
  2 ball pythons
  A bat (D:1)
  2 frilled lizards (D:1)
  4 kobolds
  2 rats (D:1)
27 creatures vanquished.

Vanquished Creatures (collateral kills)
  An orc (D:3)
  A jackal (D:3)
  A goblin (D:3)
3 creatures vanquished.

Grand Total: 30 creatures vanquished

Notes
Turn   | Place    | Note
-------+----------+-------------------------------------------
     0 | D:1      | Aviak the Meteoran Necromancer began the quest for the Orb.
     0 | D:1      | Reached XP level 1. HP: 14/14 MP: 5/5
   353 | D:1      | Reached XP level 2. HP: 21/22 MP: 3/6
   495 | D:2      | Reached skill level 1 in Fighting
   645 | D:2      | Reached XP level 3. HP: 5/28 MP: 1/8
   649 | D:2      | Learned a level 3 spell: Vampiric Draining
   786 | D:3      | Found a faded altar of an unknown god.
   874 | D:3      | Reached skill level 5 in Necromancy
   928 | D:3      | Reached XP level 4. HP: 36/36 MP: 5/9
   936 | D:3      | Learned a level 4 spell: Animate Dead
   950 | D:3      | Noticed Ijyb
   969 | D:3      | Blown up by Ijyb

Illustrated notes

Levels and vault maps discovered:
D:1:      sevenhm_arrival_forest_fort_small_3, layout_basic,
          hangedman_decor_push, minmay_tree_intersection, hex_intersection
D:2:      layout_loops_corners, uniq_sigmund
D:3:      kennysheep_goblin_castle, layout_rooms,
          nzn_overflow_gifts_of_might_and_magic, shapermc_ecumenical_altar_venn,
          st_stairs_14, hangedman_feature_mirror

Skill      XL: |  1  2  3 |
---------------+----------+-----
Spellcasting   | 3 |  3.0
Fighting       | 1 2 |  2.4
Necromancy     | 5 |  5.2
Dodging        | |  2.4
Stealth        | |  1.4

Action                   |  1- 3 |  4- 6 || total
-------------------------+-------+-------++-------
Melee: Unarmed           |     5 |       ||     5
       Dagger            |    33 |     4 ||    37
 Cast: Necrotise         |    38 |     9 ||    47
       Vampiric Draining |       |     1 ||     1
  Use: Potion            |       |     1 ||     1
Armor: Robe              |     9 |     4 ||    13
Dodge: Dodged            |    22 |    10 ||    32

Table legend: (Time is in decaauts)
 A = Elapsed time spent in this place.
 B = Non-inter-level travel time spent in this place.
 C = Inter-level travel time spent in this place.
 D = Time resting spent in this place.
 E = Time spent auto-exploring this place.
 F = Levels seen in this place.
 G = Mean time per level.
                   A        B        C        D        E       F      G
               +--------+--------+--------+--------+--------+-----+--------+
         Total |    967 |    931 |     36 |     84 |    471 |   3 |  322.3 |
       Dungeon |    967 |    931 |     36 |     84 |    471 |   3 |  322.3 |
               +--------+--------+--------+--------+--------+-----+--------+

Top non-repeatable levels by time:
     D:1: 450 daAuts
     D:2: 334 daAuts
     D:3: 182 daAuts
